AoeStats
← ThorhammerCZ

Arena

509917873Analyzed
3v3 RM · 4d ago on Sep 28, 2026· 42m 9s· 6 players
Game mode
Random Map
Map size
Normal (6 player)
Population
200
Speed
Normal
Resources
Standard
Victory
Conquest
Starting age
Dark Age
Ending age
Imperial Age
RankedLock teamsTeams togetherTeam positionsShared explorationLock speedFull tech treeHidden civsTurbo modeCheats
Victory
Defeat
🇪🇸 Celts · Spain
1005
+11
🇫🇷 Teutons · France
992
+12
🇨🇳 Byzantines · China
978
+13
🇨🇿 Dravidians · Czechia
914
-12
🇨🇿 Turks · Czechia
902
-12
🇨🇿 Britons · Czechia
895
-12
un908561
12:20 Feudal Age
10:36 Loom
13:15 Double-Bit Axe
15:55 Castle Age
14:01 Fletching
14:33 Horse Collar
16:08 Elite Skirmisher
25:25 Wheelbarrow
30:02 Bow Saw
30:01 Stone Mining
30:02 Gold Mining
31:59 Hand Cart
34:51 Imperial Age
32:44 Bodkin Arrow
33:16 Ballistics
34:03 Thumb Ring
33:46 Treadmill Crane
34:42 Padded Archer Armor
36:57 Chemistry
36:01 Bracer
36:16 Leather Archer Armor
38:44 Ring Archer Armor
38:05 Arrowslits
39:02 Hoardings
39:11 Conscription
40:04 Heavy Plow
40:19 Murder Holes
Nicolas Malle
10:31 Feudal Age
11:05 Double-Bit Axe
15:52 Castle Age
19:18 Bow Saw
19:51 Horse Collar
21:35 Wheelbarrow
23:16 Heavy Plow
24:37 Hand Cart
24:11 Loom
26:41 Gold Mining
26:45 Stone Mining
29:28 Imperial Age
26:52 Man-at-Arms
27:33 Squires
27:18 Arson
27:53 Forging
27:45 Long Swordsman
28:10 Gambesons
29:42 Elite Teutonic Knight
29:44 Two-Handed Swordsman
31:29 Crop Rotation
32:11 Two-Man Saw
34:16 Iron Casting
33:41 Scale Mail Armor
35:13 Conscription
35:20 Champion
38:20 Ironclad
38:27 Crenellations
40:12 Chain Mail Armor
40:57 Blast Furnace
41:12 Chemistry
eduardo
8:08 Loom
11:31 Feudal Age
12:09 Double-Bit Axe
12:05 Horse Collar
18:38 Castle Age
16:57 Stone Mining
17:22 Gold Mining
18:00 Scale Mail Armor
18:41 Fletching
19:01 Forging
19:57 Heavy Plow
22:02 Wheelbarrow
26:06 Forging
27:53 Town Watch
28:35 Bow Saw
32:33 Chain Mail Armor
39:53 Gold Shaft Mining
45:16 Imperial Age
Surgen
10:48 Feudal Age
11:36 Double-Bit Axe
17:03 Castle Age
15:45 Stone Mining
16:40 Horse Collar
18:15 Heavy Plow
19:42 Wheelbarrow
22:07 Loom
27:19 Padded Archer Armor
28:25 Bow Saw
28:56 Fletching
30:04 Fervor
31:37 Gold Mining
38:27 Hand Cart
39:10 Leather Archer Armor
38:51 Bodkin Arrow
ThorhammerCZ
11:08 Feudal Age
11:50 Double-Bit Axe
11:47 Horse Collar
12:01 Gold Mining
16:16 Stone Mining
18:53 Castle Age
20:50 Gold Shaft Mining
20:30 Bow Saw
21:50 Pikeman
25:34 Padded Archer Armor
25:25 Fletching
28:08 Squires
29:01 Wheelbarrow
28:15 Town Watch
28:50 Leather Archer Armor
28:36 Scale Mail Armor
30:56 Bodkin Arrow
31:27 Chain Mail Armor
31:23 Forging
32:35 Hand Cart
33:12 Town Patrol
39:11 Imperial Age
37:39 Ballistics
39:19 Iron Casting
39:45 Elite Longbowman
41:46 Chemistry
41:19 Ring Archer Armor
40:49 Bracer
41:20 Plate Mail Armor
41:51 Blast Furnace
41:27 Arrowslits
41:53 Fortified Wall
41:55 Masonry
41:40 Murder Holes
Majk
10:31 Feudal Age
11:42 Double-Bit Axe
16:03 Castle Age
14:29 Horse Collar
16:36 Wheelbarrow
17:46 Loom
18:55 Town Watch
19:09 Gold Mining
19:12 Stone Mining
20:43 Bow Saw
24:15 Scale Mail Armor
27:57 Chain Mail Armor
32:21 Forging
Connection lost

Rejoining the realm…

Still unreachable

The connection could not be restored.

Session expired

The server has moved on; the page needs a fresh start.